AoeStats
← chewie1706

MegaRandom

505472898Analyzed
3v3 RM · 23d ago on Sep 9, 2026· 15m 15s· 6 players
Game mode
Random Map
Map size
Normal (6 player)
Population
200
Speed
Normal
Resources
Standard
Victory
Conquest
Starting age
Dark Age
Ending age
Imperial Age
RankedLock teamsTeams togetherTeam positionsShared explorationLock speedFull tech treeHidden civsTurbo modeCheats
Victory
Defeat
🇫🇷 Muisca · France
1725
+7
🇫🇷 Franks · France
1557
+13
🇫🇷 Celts · France
1523
+15
🇧🇷 Mongols · Brazil
1601
-15
🇨🇿 Maya · Czechia
1494
-11
🇹🇼 Khmer · Taiwan
1424
-9
paran
0:29 Loom
10:03 Feudal Age
p1c0
8:11 Loom
10:13 Feudal Age
14:51 Castle Age
15:12 Scale Barding Armor
TwBestShaco
6:18 Loom
9:03 Feudal Age
9:55 Double-Bit Axe
9:51 Horse Collar
chewie1706
6:07 Loom
9:17 Feudal Age
9:20 Man-at-Arms
12:18 Fletching
15:31 Double-Bit Axe
AGS.Eratuss
5:53 Loom
8:28 Feudal Age
9:20 Double-Bit Axe
12:08 Fletching
15:30 Padded Archer Armor
AGS.BlackKnight
6:42 Loom
8:45 Feudal Age
9:34 Double-Bit Axe
Connection lost

Rejoining the realm…

Still unreachable

The connection could not be restored.

Session expired

The server has moved on; the page needs a fresh start.